AoeStats
← tilmanv

Arena

509619961Analyzed
4v4 RM · 6d ago on Sep 27, 2026· 64m 31s· 8 players
Game mode
Random Map
Map size
Large (8 player)
Population
200
Speed
Normal
Resources
Standard
Victory
Conquest
Starting age
Dark Age
Ending age
Imperial Age
RankedLock teamsTeams togetherTeam positionsShared explorationLock speedFull tech treeHidden civsTurbo modeCheats
Victory
Defeat
🇺🇸 Danes · United States
1052
+27
🇪🇸 Spanish · Spain
1045
+20
🇩🇪 Teutons · Germany
1039
+15
🇧🇷 Persians · Brazil
982
+17
🇯🇵 Portuguese · Japan
1035
-16
🇨🇳 Cumans · China
1035
-16
🇨🇳 Britons · China
1033
-16
🇹🇷 Dravidians · Türkiye
985
-14
涛哥
10:02 Feudal Age
14:42 Castle Age
12:32 Double-Bit Axe
21:19 Horse Collar
23:38 Heavy Plow
29:22 Bow Saw
29:52 Wheelbarrow
32:37 Imperial Age
30:06 Fletching
30:19 Padded Archer Armor
30:44 Yeomen
30:38 Bodkin Arrow
30:45 Squires
30:05 Pikeman
30:16 Crossbowman
31:36 Leather Archer Armor
33:11 Ballistics
33:09 Gold Mining
34:30 Chemistry
33:47 Bracer
34:52 Ring Archer Armor
34:50 Conscription
34:25 Arbalester
37:37 Hand Cart
38:31 Gold Shaft Mining
38:30 Scale Barding Armor
39:06 Scale Mail Armor
39:17 Forging
41:16 Two-Man Saw
39:54 Halberdier
46:38 Iron Casting
46:18 Chain Mail Armor
46:24 Chain Barding Armor
47:32 Gambesons
47:07 Man-at-Arms
47:34 Arson
50:15 Long Swordsman
52:17 Two-Handed Swordsman
56:25 Plate Barding Armor
56:20 Plate Mail Armor
56:52 Blast Furnace
y_oshi
8:23 Loom
10:27 Feudal Age
18:24 Castle Age
17:38 Double-Bit Axe
22:37 Fletching
23:38 Bodkin Arrow
24:24 Gold Mining
24:26 Stone Mining
24:44 Horse Collar
26:58 Wheelbarrow
28:02 Heavy Plow
28:13 Bow Saw
33:29 Imperial Age
31:42 Fervor
31:08 Pikeman
31:51 Scale Mail Armor
31:52 Padded Archer Armor
33:10 Hand Cart
33:13 Leather Archer Armor
33:09 Forging
32:47 Gambesons
33:25 Treadmill Crane
34:09 Sanctity
35:58 Town Watch
36:12 Halberdier
37:55 Chemistry
37:40 Crop Rotation
38:12 Two-Man Saw
37:14 Bracer
37:22 Thumb Ring
37:40 Block Printing
38:59 Iron Casting
38:47 Chain Mail Armor
38:36 Caravan
39:31 Theocracy
39:26 Fortified Wall
41:11 Plate Mail Armor
50:16 Blast Furnace
56:26 Arquebus
58:48 Bombard Tower
58:34 Siege Engineers
58:59 Ballistics
58:50 Masonry
60:56 Ring Archer Armor
ETZEL1905
11:20 Feudal Age
9:36 Loom
11:44 Horse Collar
11:51 Double-Bit Axe
13:48 Gold Mining
20:46 Castle Age
19:07 Stone Mining
19:33 Forging
19:23 Scale Mail Armor
21:11 Fletching
21:21 Padded Archer Armor
21:57 Bodkin Arrow
27:05 Medical Corps
29:28 Bow Saw
29:23 Heavy Plow
30:44 Leather Archer Armor
38:37 Imperial Age
38:00 Ballistics
37:50 Fortified Wall
39:53 Bracer
40:23 Ring Archer Armor
40:56 Two-Man Saw
41:35 Elite Elephant Archer
43:36 Chemistry
42:46 Masonry
805678789
9:40 Feudal Age
11:08 Wheelbarrow
15:24 Horse Collar
16:21 Double-Bit Axe
23:36 Castle Age
21:32 Gold Mining
22:58 Bloodlines
24:09 Scale Barding Armor
24:15 Forging
25:19 Gold Shaft Mining
24:56 Bow Saw
25:38 Chain Barding Armor
26:05 Hand Cart
27:38 Heavy Plow
28:04 Town Watch
28:21 Capped Ram
30:15 Iron Casting
34:39 Imperial Age
33:33 Town Patrol
35:31 Elite Steppe Lancer
38:27 Plate Barding Armor
38:53 Blast Furnace
43:12 Scale Mail Armor
43:13 Padded Archer Armor
43:03 Fletching
42:55 Light Cavalry
45:46 Two-Man Saw
45:19 Crop Rotation
44:59 Caravan
45:09 Hussar
45:45 Siege Ram
47:23 Stone Mining
47:29 Bodkin Arrow
47:50 Leather Archer Armor
47:50 Chain Mail Armor
50:08 Conscription
49:50 Steppe Husbandry
49:50 Cuman Mercenaries
50:58 Elite Kipchak
58:12 Pikeman
58:53 Squires
60:57 Ring Archer Armor
60:57 Plate Mail Armor
60:48 Ballistics
61:29 Chemistry
61:10 Halberdier
TheSpicySicillian
2:19 Loom
10:12 Feudal Age
14:06 Castle Age
12:11 Loom
12:27 Double-Bit Axe
12:36 Stone Mining
13:13 Double-Bit Axe
23:10 Arson
24:40 Scale Mail Armor
25:40 Squires
26:41 Wheelbarrow
27:02 Horse Collar
28:31 Chain Mail Armor
29:39 Forging
29:58 Fletching
32:51 Bodkin Arrow
35:48 Imperial Age
34:11 Iron Casting
34:00 Hand Cart
34:43 Town Watch
36:19 Padded Archer Armor
36:59 Conscription
37:45 Hoardings
36:44 Onager
39:34 Bracer
40:05 Plate Mail Armor
40:12 Pikeman
40:58 Hamask
42:31 Hoardings
41:19 Halberdier
41:54 Siege Onager
48:21 Blast Furnace
48:06 Elite Varangian Guard
52:10 Northmen's Fury
55:01 Leather Archer Armor
54:52 Scale Barding Armor
56:09 Bow Saw
57:02 Capped Ram
59:19 Elite Jomsviking
61:29 Siege Ram
62:16 Heavy Scorpion
64:15 Husbandry
F5B01
11:02 Feudal Age
12:06 Loom
15:03 Castle Age
13:39 Double-Bit Axe
15:00 Horse Collar
17:07 Gold Mining
18:23 Town Watch
22:06 Wheelbarrow
25:40 Heavy Plow
25:51 Bow Saw
27:09 Padded Archer Armor
28:09 Hand Cart
29:39 Husbandry
30:10 Bloodlines
30:11 Stone Mining
31:18 Leather Archer Armor
36:10 Imperial Age
37:12 Elite Skirmisher
gabrielcg02
12:06 Feudal Age
12:55 Double-Bit Axe
15:44 Castle Age
13:40 Horse Collar
17:28 Wheelbarrow
17:09 Bow Saw
19:52 Hand Cart
19:57 Gold Mining
23:17 Loom
24:01 Stone Mining
25:34 Heavy Plow
27:56 Stone Shaft Mining
27:57 Gold Shaft Mining
30:40 Imperial Age
27:51 Light Cavalry
28:42 Bloodlines
28:33 Husbandry
28:44 Forging
31:38 Iron Casting
30:25 Cavalier
31:50 Fletching
32:24 Ballistics
33:59 Two-Man Saw
33:32 Crop Rotation
32:59 Bodkin Arrow
33:24 Scale Barding Armor
34:16 Padded Archer Armor
35:40 Chemistry
37:14 Blast Furnace
36:40 Conscription
36:24 Hussar
37:12 Savar
39:10 Kamandaran
39:44 Leather Archer Armor
39:50 Chain Barding Armor
39:26 Crossbowman
40:12 Thumb Ring
40:55 Citadels
42:16 Elite Skirmisher
45:12 Ring Archer Armor
45:17 Plate Barding Armor
47:35 Scale Mail Armor
47:02 Pikeman
47:43 Squires
47:29 Arson
48:59 Chain Mail Armor
51:31 Halberdier
54:19 Masonry
59:36 Plate Mail Armor
61:07 Gambesons
tilmanv
12:46 Feudal Age
14:34 Wheelbarrow
13:45 Double-Bit Axe
17:12 Castle Age
15:35 Gold Mining
16:01 Stone Mining
18:05 Bow Saw
18:12 Hand Cart
18:15 Horse Collar
30:07 Imperial Age
27:22 Loom
27:23 Town Watch
28:27 Forging
28:22 Scale Barding Armor
28:54 Heavy Plow
29:52 Iron Casting
30:13 Coinage
31:10 Bloodlines
31:21 Chain Barding Armor
30:36 Cavalier
31:53 Banking
32:06 Crop Rotation
33:08 Blast Furnace
32:43 Plate Barding Armor
32:34 Paladin
39:08 Fortified Wall
40:16 Scale Mail Armor
41:43 Chain Mail Armor
40:50 Pikeman
41:30 Squires
41:29 Halberdier
41:54 Arson
43:16 Plate Mail Armor
43:44 Conscription
49:12 Two-Man Saw
48:17 Elite Teutonic Knight
54:45 Town Patrol
55:55 Crenellations
55:56 Ironclad
55:50 Onager
57:14 Siege Onager
Connection lost

Rejoining the realm…

Still unreachable

The connection could not be restored.

Session expired

The server has moved on; the page needs a fresh start.